 Dungeon Crawl Stone Soup version 0.24.0-123-gd5b16e6ec5 (webtiles) character file.

Game seed: 14008613678442037698, levelgen mode: deterministic

6175 ReteAZ the Grappler (level 10, -7/100 HPs)
             Began as a Troll Fighter on Dec 16, 2019.
             Was a Believer of Okawaru.
             Mangled by a hornet (11 damage)
             ... while paralysed by a hornet
             ... on level 8 of the Dungeon.
             The game lasted 00:14:43 (7956 turns).

ReteAZ the Grappler (Troll Fighter)                 Turns: 7956, Time: 00:14:43

Health: -7/100     AC:  6    Str: 27    XL:     10   Next: 60%
Magic:  9/10       EV:  1    Int:  4    God:    Okawaru [**....]
Gold:   70         SH:  0    Dex: 11    Spells: 9/9 levels left

rFire    + . .     SeeInvis .     - Unarmed
rCold    + . .     Gourm    +   b - +0 shield
rNeg     . . .     Faith    .   a - +0 robe
rPois    .         Spirit   .   (helmet restricted)
rElec    .         Reflect  .   D - scarf {rC+ rF+}
rCorr    .         Harm     .   (gloves unavailable)
MR       +....                  (boots unavailable)
Stlth    +.........             (no amulet)
HPRegen  0.66/turn              e - ring of flight
MPRegen  0.12/turn              w - ring of protection from magic

@: paralysed, lethally poisoned (-7 -> -7), slowed
A: large, unfitting armour, claws 3, fast metabolism 3, gourmand, regeneration
1, shaggy fur 1, tough skin 3
a: Heroism, Renounce Religion, Evoke Flight


You were on level 8 of the Dungeon.
You worshipped Okawaru.
Okawaru was pleased with you.
You were very full.

You visited 2 branches of the dungeon, and saw 9 of its levels.

You collected 400 gold pieces.
You spent 330 gold pieces at shops.

Inventory:

Missiles
 l - 4 throwing nets
 q - 37 poisoned darts (quivered)
 v - 2 large rocks
Armour
 a - a +0 robe (worn)
 b - a +0 shield (worn)
 D - a scarf of resistance (worn)
Jewellery
 e - a ring of flight (left claw)
 n - an uncursed ring of wizardry
 o - an uncursed ring of resist corrosion
 w - a ring of protection from magic (right claw)
Wands
 g - a wand of polymorph (3)
Scrolls
 f - 3 scrolls of remove curse
 m - 2 scrolls of teleportation
 p - 3 scrolls of amnesia
 s - a scroll of fear
 t - 3 scrolls of identify
 u - 3 scrolls of blinking
 y - 2 scrolls of immolation {unknown}
 A - a scroll of fog {unknown}
 E - a scroll of noise {unknown}
 F - a scroll of vulnerability {unknown}
Potions
 c - 2 potions of lignification
 h - 4 potions of flight
 i - 2 potions of brilliance
 j - 2 potions of cancellation
 k - a potion of magic {unknown}
 r - 4 potions of curing
 x - a potion of heal wounds {unknown}
 z - 2 potions of mutation {unknown}
 B - 3 potions of degeneration {unknown}
 C - 2 potions of ambrosia {unknown}
 G - a potion of haste {unknown}
Comestibles
 d - 22 rations


   Skills:
 + Level 6.4 Fighting
 + Level 5.8 Armour
 - Level 2.4 Dodging
 + Level 6.4 Shields
 * Level 10.3 Unarmed Combat
 + Level 1.6 Invocations


You had 9 spell levels left.
You didn't know any spells.
Your spell library contained the following spells:

 Spells                   Type           Power        Failure   Level  Hunger
 Animate Skeleton         Necr           N/A          67%         1    ##.....
 Confusing Touch          Hex            #.....       67%         1    ##.....
 Corona                   Hex            #......      67%         1    ##.....
 Pain                     Necr           #...         67%         1    ##.....
 Ensorcelled Hibernation  Hex/Ice        #.....       82%         2    ###....
 Confuse                  Hex            #.......     96%         3    ####...
 Dazzling Spray           Conj/Hex       #.....       96%         3    ####...
 Gell's Gravitas          Tloc           #.........   96%         3    ####...
 Regeneration             Chrm/Necr      #.........   96%         3    ####...
 Tukima's Dance           Hex            #.......     96%         3    ####...
 Vampiric Draining        Necr           #.........   96%         3    ####...
 Animate Dead             Necr           N/A          100%        4    #####..
 Petrify                  Tmut/Erth      #.......     100%        4    #####..
 Metabolic Englaciation   Hex/Ice        #.........   100%        5    ######.
 Yara's Violent Unravell  Hex/Tmut       #.........   100%        5    ######.


Dungeon Overview and Level Annotations

Branches:
Dungeon (8/15)             Temple (1/1) D:7            Lair (0/6) D:8

Altars:
Ashenzari
Cheibriados
Dithmenos
Elyvilon
Fedhas
Gozag
Hepliaklqana
Kikubaaqudgha
Nemelex Xobeh
Okawaru
Qazlal
Trog
Uskayaw
Wu Jian
Zin
The Shining One

Shops:
D:6 [


Innate Abilities, Weirdness & Mutations

You are too large for most types of armour.
You have claws for hands.
Your metabolism is lightning-fast.
You like to eat raw meat.
Your natural rate of healing is unusually fast.
You are covered in fur. (AC +1)
You have extremely tough skin. (AC +3)


Message History

Unknown command.
You mangle the two-headed ogre!!
You kill the two-headed ogre!
Okawaru accepts your kill. You block the hornet's attack.
You barely miss the hornet. You block the hornet's attack.
You claw the hornet!
The hornet is heavily wounded.
You block the hornet's attack. The hornet stings you!
* * * LOW HITPOINT WARNING * * *
You are poisoned.
You suddenly lose the ability to move!
You feel sick. The hornet stings you!
* * * LOW HITPOINT WARNING * * *
You feel yourself slow down.
You feel sick. The hornet stings you!
* * * LOW HITPOINT WARNING * * *
You feel as though you will be slow longer.
The hornet stings you!
You die...

............#...
o...........#...........
....÷.................(.
.....................(..
##..................(..#
#.[................(...#......
.................#(.P..........
.................).PPP.........
...............P@yP.P..........
.................P.P...P.......
#..#.##.........P.PPP.P.P.P....
#..#.###.......P.P.####..P.P...
.....######....PP.P#..'...P.###
#..<..#.###........#>)#..P....##
..........#.##..P.P####.P.PP..<#
.....###....)..P[P.P.P÷........#
......#.....)..P......P..P....##


You could see a hornet.

Vanquished Creatures
  Harold (D:8)
  A two-headed ogre (D:8)
  Pikel (D:7)
  Psyche (D:8)
  Grinder (D:5)
  A yak (D:8)
  2 humans (D:7)
  A water moccasin (D:6)
  2 porcupines (D:8)
  A black bear (D:7)
  4 orc warriors
  An ice beast (D:7)
  2 sky beasts (D:5)
  5 ogres
  5 centaurs
  3 bullfrogs
  A wyvern zombie (D:8)
  2 scorpions (D:8)
  3 wights (D:6)
  3 killer bees
  A howler monkey (D:6)
  A bullfrog zombie (D:8)
  4 crimson imps
  2 jellies (D:5)
  2 hounds
  2 orc priests
  2 orc wizards
  Terence (D:3)
  2 iguanas
  5 worker ants
  A howler monkey zombie (D:7)
  9 gnolls
  10 adders
  4 shadow imps
  3 oozes
  3 worms
  A dart slug (D:1)
  2 leopard geckos
  16 orcs
  10 bats
  2 giant cockroaches (D:3)
  7 goblins
  4 hobgoblins
  15 jackals
  A ball python (D:1)
  4 frilled lizards
  3 kobolds
  A quokka skeleton (D:4)
  4 rats
  A fungus (D:8)
164 creatures vanquished.

Vanquished Creatures (others)
  2 slaves (D:8)
  An orc priest (D:8)
  An orc wizard (D:8)
  A quokka skeleton (D:8)
5 creatures vanquished.

Grand Total: 169 creatures vanquished

Notes
Turn   | Place    | Note
-------+----------+-------------------------------------------
     0 | D:1      | ReteAZ the Troll Fighter began the quest for the Orb.
     0 | D:1      | Reached XP level 1. HP: 22/22 MP: 0/0
   307 | D:1      | Reached XP level 2. HP: 23/29 MP: 1/1
   581 | D:1      | Reached XP level 3. HP: 36/36 MP: 2/2
   983 | D:2      | Reached skill level 3 in Unarmed Combat
  1103 | D:2      | Reached skill level 1 in Armour
  1268 | D:2      | Reached XP level 4. HP: 44/44 MP: 3/3
  1553 | D:2      | Found Zin's Purification Station.
  1558 | D:2      | Found a glowing silver altar of Zin.
  1561 | D:2      | Bought a potion of curing for 90 gold pieces
  1882 | D:3      | Noticed Terence
  1889 | D:3      | Killed Terence
  1977 | D:3      | Reached XP level 5. HP: 50/53 MP: 4/4
  2156 | D:3      | Reached skill level 4 in Unarmed Combat
  2493 | D:4      | Reached XP level 6. HP: 45/61 MP: 5/5
  2732 | D:4      | Found a glowing golden altar of the Shining One.
  3423 | D:5      | Entered Level 5 of the Dungeon
  3430 | D:5      | Noticed Grinder
  3430 | D:5      | Noticed a sky beast
  3498 | D:5      | Reached skill level 5 in Unarmed Combat
  3498 | D:5      | Reached XP level 7. HP: 31/67 MP: 6/6
  3837 | D:5      | Reached skill level 6 in Unarmed Combat
  4063 | D:5      | Paralysed by Grinder for 7 turns
  4080 | D:5      | Killed Grinder
  4080 | D:5      | Reached XP level 8. HP: 60/79 MP: 7/7
  4427 | D:6      | Reached skill level 7 in Unarmed Combat
  4607 | D:6      | Found a hazy altar of Hepliaklqana.
  4786 | D:6      | Reached skill level 5 in Fighting
  4786 | D:6      | Reached skill level 5 in Shields
  4786 | D:6      | Reached XP level 9. HP: 69/88 MP: 8/8
  4927 | D:6      | Found Azegoir's Antique Armour Boutique.
  5361 | D:7      | Reached skill level 8 in Unarmed Combat
  5424 | D:7      | Found an opulent altar of Gozag.
  5458 | D:7      | Found a blossoming altar of Fedhas.
  5671 | D:6      | Bought a runed scarf for 240 gold pieces
  5871 | D:7      | Found a staircase to the Ecumenical Temple.
  5950 | Temple   | Entered the Ecumenical Temple
  6285 | D:7      | Found an iron altar of Okawaru.
  6312 | D:7      | Became a worshipper of Warmaster Okawaru
  6806 | D:8      | Reached skill level 9 in Unarmed Combat
  6826 | D:8      | Noticed Pikel
  6872 | D:7      | Killed Pikel
  6872 | D:7      | Reached * piety under Okawaru
  6872 | D:7      | Reached skill level 5 in Armour
  7010 | D:8      | Noticed Harold
  7352 | D:8      | Reached XP level 10. HP: 94/98 MP: 9/9
  7505 | D:8      | Killed Harold
  7505 | D:8      | Reached ** piety under Okawaru
  7822 | D:8      | Noticed Psyche
  7828 | D:8      | Killed Psyche
  7828 | D:8      | Reached skill level 10 in Unarmed Combat
  7905 | D:8      | Found a staircase to the Lair.
  7910 | D:8      | Reached skill level 1 in Invocations
  7941 | D:8      | Noticed a two-headed ogre
  7952 | D:8      | Killed a two-headed ogre
  7954 | D:8      | Paralysed by a hornet for 2 turns
  7956 | D:8      | HP: 4/100 [hornet (15)]
  7956 | D:8      | Mangled by a hornet

Levels and vault maps discovered:
D:1:      minmay_arrival_doors, layout_basic
D:2:      layout_loops_corners, zin_purify
D:3:      layout_loops_ring, uniq_terence
D:4:      layout_layer_cave, tso_oasis_becter, first_ration
D:5:      layout_basic, uniq_grinder
D:6:      layout_loops_corners, kennysheep_mini_moat, serial_shops,
          kennysheep_mini
D:7:      layout_cave_pods, okawaru_humans, fedhas_bush_and_centaur_altar,
          nicolae_gozag_cash_rules_everything_around_me,
          minmay_temple_entry_grid
D:8:      layout_cave_pools, grunt_lair_entry_orc_guard_hut, uniq_pikel,
          uniq_psyche, uniq_harold
Temple:   dpeg_chambers_temple

Skill      XL: |  1  2  3  4  5  6  7  8  9 10 |
---------------+-------------------------------+-----
Unarmed Combat | 3 4 5 6 7 9 10 | 10.3
Armour         | 1 2 3 4 5 |  5.8
Fighting       | 3 4 5 6 |  6.4
Shields        | 3 4 5 6 |  6.4
Invocations    | 1 |  1.6
Dodging        | |  2.4

Action                   |  1- 3 |  4- 6 |  7- 9 | 10-12 || total
-------------------------+-------+-------+-------+-------++-------
Melee: Unarmed           |   102 |   222 |   305 |    55 ||   684
Throw: Dart              |       |     3 |     2 |     5 ||    10
  Use: Scroll            |       |     8 |     1 |     3 ||    12
       Potion            |       |       |     1 |       ||     1
 Stab: Sleeping          |     1 |     1 |       |       ||     2
  Eat: Chunk             |    17 |    19 |    31 |    11 ||    78
Armor: Robe              |    40 |    57 |    62 |     2 ||   161
Dodge: Dodged            |    49 |    42 |    66 |     7 ||   164
Block: Shield            |    70 |    89 |   126 |    18 ||   303
